 Dungeon Crawl Stone Soup version 0.24.0-13-gcf9b3192b9 (webtiles) character file.

Game seed: 8919491651411672176, levelgen mode: deterministic

158 Metae the Ruffian (level 5, 0/54 HPs)
             Began as a Troll Berserker on Nov 8, 2019.
             Was a Priest of Trog.
             Slain by Draxdyn's ghost (1 damage)
             ... on level 3 of the Dungeon.
             The game lasted 00:09:39 (1396 turns).

Metae the Ruffian (Troll Berserker)                 Turns: 1396, Time: 00:09:40

Health: 0/54       AC:  6    Str: 26    XL:     5   Next: 16%
Magic:  4/4        EV: 10    Int:  3    God:    Trog [***...]
Gold:   173        SH:  0    Dex:  9    Spells: 4/4 levels left

rFire    . . .     SeeInvis .     - Unarmed
rCold    . . .     Gourm    +   (no shield)
rNeg     . . .     Faith    .   a - +0 animal skin
rPois    .         Spirit   .   (helmet restricted)
rElec    .         Reflect  .   m - scarf {repulsion}
rCorr    .         Harm     .   (gloves unavailable)
MR       .....                  (boots unavailable)
Stlth    +.........             (no amulet)
HPRegen  0.58/turn              (no ring)
MPRegen  0.09/turn              (no ring)

@: berserk cooldown, slowed, lightly drained, repel missiles, very slow
A: large, unfitting armour, claws 3, fast metabolism 3, gourmand, regeneration
1, shaggy fur 1, tough skin 3
a: Berserk, Trog's Hand, Renounce Religion


You were on level 3 of the Dungeon.
You worshipped Trog.
Trog was most pleased with you.
You were very full.

You visited 1 branch of the dungeon, and saw 3 of its levels.

You collected 173 gold pieces.

Inventory:

Hand Weapons
 b - a +0 short sword of draining
 n - a +0 hunting sling
Missiles
 o - 53 stones (quivered)
Armour
 a - a +0 animal skin (worn)
 i - a scarf of repulsion
 m - a scarf of repulsion (worn)
Scrolls
 d - a scroll of teleportation
 e - a scroll of fog {unknown}
 g - 2 scrolls of identify
 h - 2 scrolls of enchant armour {unknown}
 j - a scroll of immolation {unknown}
 r - 2 scrolls of remove curse
 t - a scroll of amnesia {unknown}
Potions
 c - 2 potions of curing
 k - a potion of agility {unknown}
 l - 2 potions of flight {unknown}
 p - a potion of heal wounds {unknown}
 s - a potion of ambrosia {unknown}
Comestibles
 f - 3 chunks of flesh
 q - 6 rations


   Skills:
 + Level 3.8 Fighting
 - Level 2.4(2.3) Dodging
 + Level 4.6 Unarmed Combat


You had 4 spell levels left.
You didn't know any spells.
Your spell library was empty.

Dungeon Overview and Level Annotations

Branches:
Dungeon (3/15)

Altars:

Annotations:
D:3 Draxdyn's ghost, amateur DEWz


Innate Abilities, Weirdness & Mutations

You are too large for most types of armour.
You have claws for hands.
Your metabolism is lightning-fast.
You like to eat raw meat.
Your natural rate of healing is unusually fast.
You are covered in fur. (AC +1)
You have extremely tough skin. (AC +3)


Message History

Draxdyn's ghost barely misses you.
You claw Draxdyn's ghost!
Draxdyn's ghost is moderately damaged.
The hobgoblin hits you but does no damage.
Draxdyn's ghost gestures at you while chanting.
The magic dart hits you!
* * * LOW HITPOINT WARNING * * *
You claw Draxdyn's ghost!
Draxdyn's ghost is almost destroyed.
The hobgoblin closely misses you. Draxdyn's ghost closely misses you.
The hobgoblin hits you.
* * * LOW HITPOINT WARNING * * *
You closely miss Draxdyn's ghost.
Draxdyn's ghost is almost destroyed.
You feel sick.
You are no longer poisoned.
Draxdyn's ghost hits you!
* * * LOW HITPOINT WARNING * * *
Draxdyn's ghost freezes you.
You die...

#####.##............####.
...##'####..........#
##.....# #..........#
#.....# #..........#
##.....# #..........#
.......# #..........#
.......# #..........#
.......# #..........#
##.....###......@g..#
........##.....#W#..#
..###...####'###≈##.....
#.......# ##.###≈## ...#
...#....# #....#≈# ..#
...#..#.###..#.#≈# ##
...#..#...#..#.#/#
...#......#..# #≈#
......#...#..# ###


You could see Draxdyn's ghost and a hobgoblin.

Vanquished Creatures
  Terence (D:2)
  5 adders
  2 oozes (D:1)
  A worm (D:2)
  3 dart slugs
  A leopard gecko (D:3)
  2 ball pythons (D:1)
  4 giant cockroaches
  12 goblins
  9 hobgoblins
  5 jackals
  2 quokkas
  6 bats
  5 frilled lizards
  7 kobolds
  6 rats
71 creatures vanquished.

Notes
Turn   | Place    | Note
-------+----------+-------------------------------------------
     0 | D:1      | Metae the Troll Berserker began the quest for the Orb.
     0 | D:1      | Reached XP level 1. HP: 22/22 MP: 0/0
    46 | D:1      | Reached XP level 2. HP: 29/29 MP: 1/1
   164 | D:1      | Reached XP level 3. HP: 37/37 MP: 2/2
   274 | D:1      | Reached ** piety under Trog
   302 | D:1      | You fall into a shaft and drop 1 floor!
   475 | D:1      | Reached skill level 4 in Unarmed Combat
   750 | D:2      | Reached XP level 4. HP: 45/45 MP: 3/3
   856 | D:2      | Noticed Terence
   866 | D:2      | Killed Terence
  1276 | D:3      | Found a runed translucent door.
  1278 | D:3      | Reached *** piety under Trog
  1310 | D:3      | Reached XP level 5. HP: 54/54 MP: 4/4
  1375 | D:3      | Noticed Draxdyn's ghost (amateur DEWz)
  1396 | D:3      | HP: 1/54 [Draxdyn's ghost (7)]
  1396 | D:3      | Slain by Draxdyn's ghost

Levels and vault maps discovered:
D:1:      lightli_arrival_noodles, layout_rooms, minmay_small_reverse_x
D:2:      layout_rooms, minmay_misc_feat_four_crosses, grunt_decor_arrowhead,
          chequers_mini_garden, uniq_terence
D:3:      layout_basic, old_standard_altar, ebering_ghost_sewer_d

Skill      XL: |  1  2  3 |
---------------+----------+-----
Fighting       | 3 |  3.8
Unarmed Combat | 4 |  4.6
Dodging        | |  2.4

Action                   |  1- 3 |  4- 6 || total
-------------------------+-------+-------++-------
Melee: Unarmed           |   116 |    66 ||   182
       Punch             |     1 |     3 ||     4
Invok: Berserk           |       |     1 ||     1
  Use: Scroll            |       |     4 ||     4
  Eat: Chunk             |    13 |     5 ||    18
Armor: Animal skin       |    72 |    26 ||    98
Dodge: Dodged            |    69 |    37 ||   106
       Deflected         |       |     4 ||     4
